 Dungeon Crawl Stone Soup version 0.30-a0-377-g5cb311bc9f (webtiles) character file.

Game seed: 9117347767893239292

32 SmokeWeed the Sneak (level 3, -3/21 HPs)
             Began as a Kobold Brigand on Nov 30, 2022.
             Slain by a hobgoblin (4 damage)
             ... led by Robin
             ... on level 2 of the Dungeon.
             The game lasted 00:03:14 (1468 turns).

SmokeWeed the Sneak (Kobold Brigand)                Turns: 1468, Time: 00:03:14

Health: -3/21      AC:  2    Str: 10    XL:     3   Next: 45%
Magic:  3/3        EV: 13    Int: 12    God:
Gold:   78         SH:  0    Dex: 16    Spells: 2/2 levels left

rFire   . . .      SeeInvis .    a - +2 dagger
rCold   . . .      Faith    .    (no shield)
rNeg    . . .      Spirit   .    m - +0 leather armour
rPois   .          Reflect  .    (no helmet)
rElec   .          Harm     .    c - +0 cloak
rCorr   .          Rampage  .    (no gloves)
Will    .....                    (no boots)
Stlth   ++++......               (no amulet)
HPRegen 0.23/turn                (no ring)
MPRegen 0.08/turn                (no ring)

@: unable to read
A: small, no large weapons, nightstalker 3, deformed body, inability to read
after injury 1
a: no special abilities


You were on level 2 of the Dungeon.
You visited 1 branch of the dungeon, and saw 2 of its levels.

You collected 78 gold pieces.

Inventory:

Hand Weapons
 a - a +2 dagger (weapon)
 j - a +0 short sword
Missiles
 d - 3 poisoned darts (quivered)
 e - 3 curare-tipped darts
Armour
 b - a +0 robe
 c - a +0 cloak (worn)
 m - a +0 leather armour (worn)
Scrolls
 h - a scroll of identify
Potions
 f - a potion of heal wounds
 g - a potion of lignification {unknown}
 i - a potion of might
 n - 2 potions of curing


   Skills:
 + Level 2.3 Fighting
 + Level 3.2 Short Blades
 + Level 2.3 Throwing
 + Level 0.2 Armour
 + Level 1.2 Dodging
 + Level 6.3 Stealth


You had 2 spell levels left.
You didn't know any spells.
Your spell library contained the following spells:

 Spells                   Type           Power      Damage    Failure   Level
 Cigotuvi's Dreadful Rot  Necr/Pois/Air  0%         N/A       56%         2
 Poisonous Vapours        Pois/Air       0%         N/A       56%         2
 Mephitic Cloud           Conj/Pois/Air  0%         N/A       80%         3


Dungeon Overview and Level Annotations

Branches:
Dungeon (2/15)

Altars:

Annotations:
D:2 Robin, Sigmund


Innate Abilities, Weirdness & Mutations

You are small and have problems with some larger weapons.
You are completely attuned to the shadows.
Armour fits poorly on your strangely shaped body.
You occasionally lose the ability to read scrolls when taking damage.


Message History

The goblin is severely wounded.
You kill the goblin!
The goblin barely misses you.
You throw a poisoned dart.
The poisoned dart completely misses Robin.
Sigmund the Dreaded comes into view.
He is wielding a +0 scythe.
Robin throws the goblin at you!
You throw a poisoned dart. The poisoned dart hits Robin.
Robin is poisoned.
The goblin hits you but does no damage. Robin barely misses you.
The goblin unwields a +0 sling.
The goblin wields a +0 dagger.
The goblin hits you with a +0 dagger.
You throw a poisoned dart.
The poisoned dart barely misses the hobgoblin.
The goblin hits you with a +0 club.
Robin roars a battlecry!
The goblins go into a battle-frenzy!
The hobgoblin barely misses you.
You throw a poisoned dart.
The poisoned dart closely misses the hobgoblin.
The goblin hits you with a +0 dagger. Sigmund misses you.
Robin hits you with a +0 whip.
The hobgoblin hits you but does no damage.
The goblin hits you with a +0 club.
You are too injured to fight recklessly!
You are too injured to fight recklessly!
You are too injured to fight recklessly!
You are too injured to fight recklessly!
You are too injured to fight recklessly!
You are too injured to fight recklessly!
You are too injured to fight recklessly!
Unknown command.
You hit Robin.
Robin is moderately wounded.
The goblin hits you with a +0 dagger.
You feel threatened and lose the ability to read scrolls!
* * * LOW HITPOINT WARNING * * *
Robin misses you. The goblin hits you with a +0 club.
* * * LOW HITPOINT WARNING * * *
The hobgoblin hits you.
You die...

###### .....#
.....######
..........##
#.....####..##
#.....# ##..###.
#.....######.....
#....†##).g#.....
#.....##.#g@g....
#.....##.#.g.@...
#.....##.#.......
##..####g#.......
#.†# ##.....>
#..# #..#
#..######
#..#.....


You could see Sigmund, Robin (poisoned), a hobgoblin (strong) and 2 goblins.

Vanquished Creatures
  An adder (D:2)
  3 endoplasms (D:1)
  A giant cockroach (D:2)
  7 goblins
  2 hobgoblins (D:1)
  3 bats (D:1)
  A frilled lizard (D:2)
  A kobold (D:2)
  A rat (D:1)
20 creatures vanquished.

Notes
Turn   | Place    | Note
-------+----------+-------------------------------------------
     0 | D:1      | SmokeWeed the Kobold Brigand began the quest for the Orb.
     0 | D:1      | Reached XP level 1. HP: 12/12 MP: 1/1
   147 | D:1      | Reached XP level 2. HP: 17/17 MP: 2/2
   691 | D:1      | Reached skill level 6 in Stealth
  1286 | D:1      | Gained mutation: You occasionally lose the ability to read
                  | scrolls when taking damage. [potion of mutation]
  1286 | D:1      | Gained mutation: Armour fits poorly on your strangely
                  | shaped body. [potion of mutation]
  1389 | D:2      | Reached XP level 3. HP: 13/21 MP: 3/3
  1450 | D:2      | Noticed Robin
  1464 | D:2      | Noticed Sigmund
  1468 | D:2      | HP: 1/21 [goblin/+0 club[Robin] (3)]
  1468 | D:2      | Slain by a hobgoblin

Illustrated notes

Levels and vault maps discovered:
D:1:      zaba_arrival_water, layout_basic
D:2:      layout_rooms, basic_altar, serial_shops, shop,
          ebering_ecumenical_altar_hall, uniq_sigmund, uniq_robin, uniq_jessica,
          uniq_terence

Skill      XL: |  1  2 |
---------------+-------+-----
Stealth        | 6 |  6.3
Short Blades   | 3 |  3.2
Fighting       | |  2.3
Throwing       | |  2.3
Armour         | |  0.2
Dodging        | |  1.2

Action                   || total
-------------------------++-------
Melee: Dagger            ||    48
Throw: Dart              ||     6
  Use: Scroll            ||     7
       Potion            ||     1
 Stab: Sleeping          ||    10
Armor: Robe              ||     3
       Leather armour    ||     6
Dodge: Dodged            ||    35

Table legend: (Time is in decaauts)
 A = Elapsed time spent in this place.
 B = Non-inter-level travel time spent in this place.
 C = Inter-level travel time spent in this place.
 D = Time resting spent in this place.
 E = Time spent auto-exploring this place.
 F = Levels seen in this place.
 G = Mean time per level.
                   A        B        C        D        E       F      G
               +--------+--------+--------+--------+--------+-----+--------+
         Total |   1501 |   1414 |     87 |    435 |    842 |   2 |  750.5 |
       Dungeon |   1501 |   1414 |     87 |    435 |    842 |   2 |  750.5 |
               +--------+--------+--------+--------+--------+-----+--------+

Top non-repeatable levels by time:
     D:1: 1368 daAuts
     D:2: 133 daAuts
